 Dungeon Crawl Stone Soup version 0.16-a0-3544-gf6bfca6 (webtiles) character file.

1300 Gronka the Ruffian (level 8, -1/79 HPs)
             Began as a Troll Berserker on Jan 9, 2015.
             Was a High Priest of Trog.
             Slain by a giant gecko (4 damage)
             ... on level 5 of the Dungeon.
             The game lasted 00:12:55 (3286 turns).

Gronka the Ruffian (Troll Berserker)                Turns: 3286, Time: 00:12:56

Health: -1/79      AC:  5    Str: 28    XL:     8   Next: 31%
Magic:  3/3        EV: 11    Int:  3    God:    Trog [*****.]
Gold:   268        SH:  0    Dex:  9    Spells: 0 memorised, 7 levels left

rFire  + . .     SeeInvis .       - Unarmed
rCold  x . .     Clarity  .     b - +0 animal skin
rNeg   . . .     SustAb   .     (shield restricted)
rPois  .         Gourm    +     (helmet restricted)
rElec  .         Spirit   .     (no cloak)
rCorr  +         Warding  .     (gloves unavailable)
rMut   .         Stasis   .     (boots unavailable)
MR     +....                    n - amulet of resist corrosion
Stlth  +.........               j - ring of protection from magic
                                i - ring of fire

@: lethally poisoned, somewhat resistant to hostile enchantments, very
unstealthy
A: unfitting armour, claws 3, fast metabolism 3, gourmand, regeneration 2,
shaggy fur 1, tough skin 2
a: Burn Spellbooks, Berserk, Trog's Hand, Brothers in Arms, Renounce Religion


You were on level 5 of the Dungeon.
You worshipped Trog.
Trog was extremely pleased with you.
You were full.

You visited 1 branch of the dungeon, and saw 5 of its levels.

You collected 268 gold pieces.

Inventory:

Armour
 b - a +0 animal skin (worn)
Jewellery
 i - a ring of fire (left claw)
 j - a ring of protection from magic (right claw)
 n - an amulet of resist corrosion (around neck)
Magical devices
 o - a wand of paralysis (18)
Scrolls
 a - a scroll of random uselessness {unknown}
 c - 5 scrolls of remove curse {unknown}
 f - 3 scrolls of identify {unknown}
 h - a scroll of magic mapping {unknown}
 l - a scroll of noise {unknown}
 q - a scroll of blinking {unknown}
 t - a scroll of fear {unknown}
 u - a scroll of amnesia {unknown}
Potions
 e - a potion of cure mutation
 p - a potion of berserk rage {unknown}
 r - a potion of curing {unknown}
Comestibles
 d - a beef jerky
 k - a royal jelly
 m - 2 meat rations
 s - 2 bread rations


   Skills:
 + Level 4.9 Fighting
 + Level 1.7 Armour
 + Level 5.1 Dodging
 + Level 1.2 Stealth
 + Level 6.6 Unarmed Combat


You had 7 spell levels left.
You didn't know any spells.

Dungeon Overview and Level Annotations

Branches:
Dungeon (5/15)
 Temple: D:4-7

Altars:
Trog
Xom


Innate Abilities, Weirdness & Mutations

You are too large for most types of armour.
You have claws for hands.
Your metabolism is lightning-fast.
You like to eat raw meat.
You heal very quickly.
You are covered in fur (AC +1).
You have very tough skin (AC +2).


Message History

You claw the centaur skeleton!
The centaur shoots an arrow.
The arrow hits you. The giant gecko closely misses you.
The centaur skeleton barely misses you.
You claw the centaur skeleton!
The centaur shoots an arrow.
The arrow hits you!
* * * LOW HITPOINT WARNING * * *
The giant gecko closely misses you. The centaur skeleton barely misses you.
The centaur shoots an arrow.
The arrow hits you!
* * * LOW HITPOINT WARNING * * *
You are too injured to fight recklessly!
The giant gecko bites you.
* * * LOW HITPOINT WARNING * * *
Drink which item? (? for menu, Esc to quit)
It was a potion of cure mutation.
It has a very clean taste.
The giant gecko barely misses you.
Drink which item? (? for menu, Esc to quit)
It was a potion of poison.
That liquid tasted very nasty...
You are lethally poisoned!
* * * LOW HITPOINT WARNING * * *
You feel sick. The giant gecko bites you.
You die...

.#....## #.#.....##
##........# #..
.........## ..#
.......<. #.# #..(..# #
#cZ.# #.# #l# .(# #@#
### #.# ###.# #.).#
#.### ##########. #.#
#.......... #.########
#.############.........
..# #.........######.


You could see a centaur, a giant gecko and a centaur skeleton.

Vanquished Creatures
  The ghost of Gronka the Ruffian, an experienced TrFi of Trog (D:5)
  The ghost of ConnectionFaild the Covert, an average OpAs (D:4)
  An ogre (D:4)
  A phantom (D:5)
  A scorpion (D:4)
  3 hounds
  A giant frog skeleton (D:4)
  2 iguanas
  Crazy Yiuf (D:2)
  2 orc wizards
  6 worker ants (D:4)
  Ijyb (D:2)
  Terence (D:2)
  Robin (D:2)
  2 gnolls (D:4)
  4 adders
  A giant mite (D:3)
  2 worms
  An adder skeleton (D:4)
  3 giant geckos
  3 oozes
  5 orcs
  5 giant cockroaches
  15 hobgoblins
  9 jackals
  3 quokkas (D:3)
  7 bats
  4 giant newts
  16 goblins
  11 kobolds
  9 rats
123 creatures vanquished.

Notes
Turn   | Place    | Note
--------------------------------------------------------------
     0 | D:1      | Gronka, the Troll Berserker, began the quest for the Orb.
     0 | D:1      | Reached XP level 1. HP: 22/22 MP: 1/1
    87 | D:1      | Reached XP level 2. HP: 29/29 MP: 1/1
   132 | D:1      | Acquired Trog's second power
   383 | D:1      | Reached XP level 3. HP: 36/36 MP: 2/2
   765 | D:2      | Noticed Robin
   769 | D:2      | Killed Robin
   938 | D:2      | Reached XP level 4. HP: 41/45 MP: 2/2
   969 | D:2      | Noticed Crazy Yiuf
   975 | D:2      | Killed Crazy Yiuf
  1240 | D:2      | Noticed Ijyb
  1248 | D:2      | Killed Ijyb
  1248 | D:2      | Reached skill level 4 in Unarmed Combat
  1294 | D:2      | Noticed Terence
  1301 | D:2      | Killed Terence
  1301 | D:2      | Reached XP level 5. HP: 49/53 MP: 2/2
  1884 | D:3      | Acquired Trog's third power
  2093 | D:4      | Noticed ConnectionFaild's ghost (average OpAs)
  2104 | D:4      | Killed ConnectionFaild's ghost
  2104 | D:4      | Reached XP level 6. HP: 58/62 MP: 3/3
  2115 | D:4      | Noticed an ogre
  2118 | D:4      | Killed an ogre
  2118 | D:4      | Reached skill level 5 in Unarmed Combat
  2224 | D:4      | Reached XP level 7. HP: 56/70 MP: 3/3
  2573 | D:4      | Reached skill level 1 in Stealth
  2606 | D:4      | Found a shimmering altar of Xom.
  2916 | D:5      | Entered Level 5 of the Dungeon
  3157 | D:5      | Reached skill level 6 in Unarmed Combat
  3159 | D:5      | Noticed Gronka's ghost (experienced TrFi)
  3170 | D:5      | Killed Gronka's ghost
  3170 | D:5      | Reached skill level 5 in Dodging
  3170 | D:5      | Reached XP level 8. HP: 43/79 MP: 3/3
  3234 | D:5      | Found a bloodstained altar of Trog.
  3277 | D:5      | Noticed a centaur skeleton
  3284 | D:5      | HP: 3/79 [giant gecko (2)]
  3286 | D:5      | Slain by a giant gecko

Action                   |  1- 3 |  4- 6 |  7- 9 || total
-------------------------+-------+-------+-------++-------
Melee: Unarmed           |    89 |   161 |   110 ||   360
Invok: Berserk           |     1 |       |       ||     1
       Trog's Hand       |     1 |       |       ||     1
  Use: Potion            |       |       |     2 ||     2
 Stab: Invisible         |       |     2 |       ||     2
  Eat: Meat ration       |     2 |       |       ||     2
       Chunk             |       |    14 |     9 ||    23
       Beef jerky        |       |     1 |       ||     1
